 Dungeon Crawl Stone Soup version 0.26-a0-663-g36e8fdb655 (webtiles) character file.

Game seed: 283692202893069650

4986 ZhuZhu the Basher (level 10, -3/109 (110) HPs)
             Began as an Ogre Berserker on Oct 11, 2020.
             Was an Elder of Trog.
             Killed from afar by an electric eel (9 damage)
             ... with a bolt of electricity
             ... on level 8 of the Dungeon.
             The game lasted 00:34:01 (9236 turns).

ZhuZhu the Basher (Ogre Berserker)                  Turns: 9236, Time: 00:34:02

HP:   -3/109 (110)  AC:  5    Str: 24 (26) XL:     10   Next: 54%
MP:   10/10         EV: 11    Int:  7 (8)  God:    Trog [****..]
Gold: 235           SH:  0    Dex:  5 (8)  Spells: 9/9 levels left

rFire    . . .     SeeInvis .   o - +0 giant club
rCold    . . .     Faith    .   (shield currently unavailable)
rNeg     + . .     Spirit   .   x - +2 robe {rN+}
rPois    .         Reflect  .   (helmet restricted)
rElec    .         Harm     .   (no cloak)
rCorr    .         Rampage  .   (gloves unavailable)
MR       +++..                  (boots unavailable)
Stlth    ++........             (no amulet)
HPRegen  1.28/turn              t - +4 ring of slaying
MPRegen  0.12/turn              (no ring)

@: berserk cooldown, regenerating (expiring), slowed, very slow
A: large, unfitting armour, tough skin 1
a: Berserk, Trog's Hand, Brothers in Arms, Renounce Religion


You were on level 8 of the Dungeon.
You worshipped Trog.
Trog was greatly pleased with you.
You visited 2 branches of the dungeon, and saw 9 of its levels.

You collected 455 gold pieces.
You spent 220 gold pieces at shops.

Inventory:

Hand Weapons
 o - a +0 giant club (weapon)
 q - a +1 morningstar of draining
 D - a +0 dire flail
Armour
 b - a +0 animal skin
 r - a +2 robe of cold resistance
 x - a +2 robe of positive energy (worn)
Jewellery
 t - a +4 ring of slaying (left hand)
 v - a +6 ring of dexterity {unknown}
Wands
 c - a wand of flame (30)
 e - a wand of enslavement (10)
 u - a wand of iceblast (10)
Scrolls
 a - a scroll of teleportation
 g - 2 scrolls of amnesia
 h - 4 scrolls of immolation
 i - a scroll of enchant weapon
 p - 3 scrolls of remove curse
 s - a scroll of enchant armour {unknown}
Potions
 d - 2 potions of mutation {unknown}
 f - 4 potions of degeneration
 j - 3 potions of curing {unknown}
 k - a potion of lignification {unknown}
 l - a potion of ambrosia {unknown}
 m - a potion of cancellation {unknown}
 n - a potion of haste {unknown}
 w - a potion of stabbing {unknown}
 z - a potion of brilliance {unknown}
 A - 3 potions of flight {unknown}
 B - a potion of might {unknown}
 C - 3 potions of berserk rage {unknown}


   Skills:
 + Level 9.8 Fighting
 + Level 10.4 Maces & Flails
 + Level 7.0 Dodging
 + Level 2.9 Stealth


You had 9 spell levels left.
You didn't know any spells.
Your spell library was empty.

Dungeon Overview and Level Annotations

Branches:
Dungeon (8/15)             Temple (1/1) D:5
   Lair: D:8-11

Altars:
Ashenzari
Cheibriados
Dithmenos
Elyvilon
Fedhas
Gozag
Hepliaklqana
Kikubaaqudgha
Makhleb
Nemelex Xobeh
Okawaru
Qazlal
Ru
Sif Muna
Trog
Uskayaw
Vehumet
Wu Jian
Xom
Yredelemnul
Zin
The Shining One

Shops:
D:4 *   D:5 [


Innate Abilities, Weirdness & Mutations

You are too large for most types of armour.
You have tough skin. (AC +1)


Message History

The electric eel shoots out a bolt of lightning at you!
The bolt of electricity hits you!
* * * LOW HITPOINT WARNING * * *
The hound barks!
The wolf howls!
You fail to use your ability.
The wolf closely misses you.
A hound comes into view.
The wolf misses you. The hound bites you.
* * * LOW HITPOINT WARNING * * *
The wolf closely misses you.
It was a potion of degeneration.
There was something very wrong with that liquid.
You feel weakened.
You feel dopey.
You feel clumsy. The hound barely misses you. The wolf bites you.
* * * LOW HITPOINT WARNING * * *
The hound bites you but does no damage. The wolf barely misses you.
You feel the effects of Trog's Hand fading.
The wolf barely misses you.
The electric eel shoots out a bolt of lightning at you!
The bolt of electricity hits you!
You die...

... ..# #.##.#.#
..... ###.#
####.##.#.#
......##.#.#
#.........#
...........#
#.#####.#.#
.........#.# #.#
#.#.#
.........#.####.##
#.#.#
..≈≈≈............#
#.#.#
≈≈≈≈≈≈....##.##..#
#.#.#
≈≈≈≈≈≈hh@###.##..#
#.#.# ≈≈≈≈.h..h#
#.##.## #.#.#
h≈≈≈≈≈;.O# #.##.#
.........# #.##.#
≈≈≈≈≈≈≈..# #.##.#
≈≈≈≈≈≈≈... .....#
≈.≈≈≈≈...###.#
≈≈.≈≈≈...# #.#
≈≈..≈≈≈... ...


You could see an ogre, 2 wolves, 2 hounds and an electric eel.

Vanquished Creatures
  Harold (D:7)
  The ghost of Djamper the Ruffian, a novice TrBe of Trog (D:6)
  The ghost of MrRokkomies the Skirmisher, a novice DsGl of Okawaru (D:6)
  The ghost of Askman the Covert, a novice OpBr of Dithmenos (D:6)
  The ghost of glosham the Skirmisher, an amateur BaBr (D:6)
  Prince Ribbit (D:7)
  A troll (D:8)
  2 phantoms
  An ice beast (D:6)
  A black bear (D:7)
  2 orc warriors
  An ogre (D:8)
  A necrophage (D:8)
  3 centaurs
  Blork the orc (D:5)
  2 bullfrogs (D:7)
  2 scorpions
  A howler monkey (D:5)
  4 wights (D:7)
  A centaur skeleton (D:4)
  A jelly (D:6)
  11 orc wizards
  A bullfrog skeleton (D:5)
  5 orc priests
  A hound (D:5)
  Jessica (D:3)
  6 worker ants
  Robin (D:2)
  3 gnolls (D:4)
  2 howler monkey skeletons
  6 adders
  A shadow imp (D:7)
  2 white imps
  3 ufetubi
  An ooze (D:4)
  An adder skeleton (D:4)
  4 worms
  A dart slug (D:1)
  7 leopard geckos
  15 orcs
  8 bats
  10 giant cockroaches
  11 hobgoblins
  10 jackals
  4 quokkas
  2 ball pythons
  4 frilled lizards
  18 goblins
  A jackal zombie (D:5)
  7 kobolds
  2 quokka skeletons (D:4)
  11 rats
190 creatures vanquished.

Notes
Turn   | Place    | Note
-------+----------+-------------------------------------------
     0 | D:1      | ZhuZhu the Ogre Berserker began the quest for the Orb.
     0 | D:1      | Reached XP level 1. HP: 24/24 MP: 1/1
   250 | D:1      | Reached XP level 2. HP: 27/32 MP: 2/2
   401 | D:1      | Reached skill level 3 in Maces & Flails
   868 | D:1      | Reached XP level 3. HP: 40/40 MP: 3/3
   935 | D:1      | Reached ** piety under Trog
  1337 | D:2      | Noticed a centaur
  1344 | D:2      | Killed a centaur
  1344 | D:2      | Reached skill level 5 in Fighting
  1344 | D:2      | Reached XP level 4. HP: 20/50 MP: 4/4
  1593 | D:2      | Reached XP level 5. HP: 57/57 MP: 5/5
  1968 | D:2      | Reached skill level 4 in Maces & Flails
  2408 | D:2      | Noticed Robin
  2430 | D:2      | Reached *** piety under Trog
  2437 | D:2      | Killed Robin
  2651 | D:3      | Noticed an orc warrior
  2658 | D:3      | Killed an orc warrior
  2658 | D:3      | Reached XP level 6. HP: 66/66 MP: 6/6
  3454 | D:3      | Noticed Jessica
  3460 | D:3      | Killed Jessica
  3460 | D:3      | Reached skill level 5 in Maces & Flails
  3703 | D:4      | Noticed a phantom
  3724 | D:4      | Reached skill level 1 in Stealth
  3724 | D:4      | Reached XP level 7. HP: 52/74 MP: 7/7
  4153 | D:4      | Reached **** piety under Trog
  4176 | D:4      | Found Gozag's Platinum Reserve.
  4176 | D:4      | Found an opulent altar of Gozag.
  4413 | D:4      | Reached skill level 6 in Maces & Flails
  4628 | D:5      | Entered Level 5 of the Dungeon
  4741 | D:5      | Reached XP level 8. HP: 84/84 MP: 8/8
  4762 | D:5      | Found Ufibren's Armour Emporium.
  4803 | D:5      | Bought a +2 robe of positive energy for 220 gold pieces
  4995 | D:5      | Noticed Blork the orc
  5003 | D:5      | Killed Blork the orc
  5282 | D:5      | Found a staircase to the Ecumenical Temple.
  5290 | D:5      | Reached skill level 7 in Maces & Flails
  5295 | Temple   | Entered the Ecumenical Temple
  5450 | D:5      | Reached skill level 5 in Dodging
  5483 | D:5      | Found a shimmering blue altar of Sif Muna.
  6484 | D:6      | Found a runed translucent gate.
  6485 | D:6      | Found a runed translucent gate.
  6492 | D:6      | Found a runed translucent gate.
  6493 | D:6      | Noticed MrRokkomies's ghost (novice DsGl)
  6494 | D:6      | Noticed Djamper's ghost (novice TrBe)
  6494 | D:6      | Noticed glosham's ghost (amateur BaBr)
  6494 | D:6      | Noticed Askman's ghost (novice OpBr)
  6704 | D:5      | Found a bloodstained altar of Trog.
  6849 | D:6      | Killed Askman's ghost
  6849 | D:6      | Reached skill level 8 in Maces & Flails
  6849 | D:6      | Reached XP level 9. HP: 94/94 MP: 9/9
  6907 | D:6      | Killed glosham's ghost
  6984 | D:6      | Killed Djamper's ghost
  6993 | D:6      | Killed MrRokkomies's ghost
  6993 | D:6      | Reached skill level 9 in Maces & Flails
  7171 | D:7      | Noticed Harold
  7689 | D:7      | Reached XP level 10. HP: 88/107 MP: 10/10
  8438 | D:7      | Killed Harold
  8438 | D:7      | Reached skill level 10 in Maces & Flails
  8514 | D:7      | Noticed Prince Ribbit
  8528 | D:7      | Killed Prince Ribbit
  8615 | D:7      | Found a shimmering altar of Xom.
  9235 | D:8      | HP: 4/109 [wolf (6)]
  9236 | D:8      | Killed from afar by an electric eel

Illustrated notes

Levels and vault maps discovered:
D:1:      dpeg_arrival_refuge, layout_loops_ring
D:2:      layout_loops_ring, minmay_hexomino_c4, uniq_robin
D:3:      layout_basic, uniq_jessica
D:4:      layout_loops_ring, nicolae_gozag_zags_fifth_avenue
D:5:      lemuel_upstairs_altar, layout_rooms, minmay_temple_entry_proselytizer,
          gup_sewer_entry_spiral, serial_shops, shop, tgw_sif,
          uniq_blork_the_orc
D:6:      layout_basic, gammafunk_ghost_cemetery
D:7:      layout_rooms, kennysheep_mini_moat, uniq_prince_ribbit1, uniq_harold
D:8:      minmay_distorted_concentric_squares, layout_basic, erik_lair_island,
          minmay_pinched_square
Temple:   compressed_dpeg_circular_temple

Skill      XL: |  1  2  3  4  5  6  7  8  9 10 |
---------------+-------------------------------+-----
Maces & Flails | 3 4 5 6 8 9 10 | 10.4
Dodging        | 3 4 5 6 7 |  7.0
Fighting       | 5 6 7 9 |  9.8
Stealth        | 1 2 |  2.9

Action                   |  1- 3 |  4- 6 |  7- 9 | 10-12 || total
-------------------------+-------+-------+-------+-------++-------
Melee: Mace              |   118 |   105 |       |       ||   223
       Morningstar       |       |    41 |   251 |    65 ||   357
       Flail             |       |    36 |       |       ||    36
       Giant club        |       |       |       |    22 ||    22
Invok: Berserk           |     2 |     7 |    12 |     6 ||    27
       Trog's Hand       |       |       |     3 |     1 ||     4
  Use: Scroll            |     2 |     3 |     8 |     1 ||    14
       Potion            |       |       |       |     1 ||     1
 Stab: Sleeping          |       |     1 |     1 |       ||     2
Armor: Animal skin       |    50 |    39 |       |       ||    89
       Robe              |       |     8 |    66 |    25 ||    99
Dodge: Dodged            |    84 |   107 |   141 |    59 ||   391

Table legend: (Time is in decaauts)
 A = Elapsed time spent in this place.
 B = Non-inter-level travel time spent in this place.
 C = Inter-level travel time spent in this place.
 D = Time resting spent in this place.
 E = Time spent auto-exploring this place.
 F = Levels seen in this place.
 G = Mean time per level.
                   A        B        C        D        E       F      G
               +--------+--------+--------+--------+--------+-----+--------+
         Total |   9653 |   8050 |   1603 |      0 |   6302 |   9 | 1072.6 |
       Dungeon |   9562 |   8048 |   1514 |      0 |   6302 |   8 | 1195.2 |
        Temple |     90 |      1 |     89 |      0 |      0 |   1 |   90.0 |
               +--------+--------+--------+--------+--------+-----+--------+

Top non-repeatable levels by time:
     D:6: 1810 daAuts
     D:2: 1594 daAuts
     D:7: 1274 daAuts
     D:5: 1179 daAuts
     D:1: 1152 daAuts
     D:3: 1046 daAuts
     D:4: 991 daAuts
     D:8: 512 daAuts
  Temple: 90 daAuts
